 Dungeon Crawl Stone Soup version 0.19.0-19-g8c6edcc (webtiles) character file.

105 Charly the Chopper (level 4, 0/40 HPs)
             Began as a Minotaur Berserker on Nov 15, 2016.
             Was a Follower of Trog.
             Slain by Terence
             ... wielding a +0 hand axe
              (4 damage)
             ... on level 3 of the Dungeon.
             The game lasted 00:02:04 (264 turns).

Charly the Chopper (Minotaur Berserker)              Turns: 264, Time: 00:02:04

Health: 0/40       AC:  2    Str: 22    XL:     4   Next: 53%
Magic:  3/3        EV: 12    Int:  4    God:    Trog [*.....]
Gold:   24         SH:  2    Dex: 10    Spells: 0 memorised, 3 levels left

rFire  . . .     SeeInvis .     f - +0 hand axe (curse)
rCold  . . .     Gourm    .     b - +0 animal skin
rNeg   . . .     Faith    .     (no shield)
rPois  .         Spirit   .     (helmet restricted)
rElec  .         Reflect  +     (no cloak)
rCorr  .         Harm     .     (no gloves)
MR     .....                    (no boots)
Stlth  +.........               h - +2 amulet of reflection
                                (no ring)
                                (no ring)

@: no status effects
A: retaliatory headbutt, horns 2
a: Berserk, Burn Spellbooks, Renounce Religion


You were on level 3 of the Dungeon.
You worshipped Trog.
Trog was aware of your devotion.
You were not hungry.

You visited 1 branch of the dungeon, and saw 3 of its levels.

You collected 24 gold pieces.

Inventory:

Hand Weapons
 f - a cursed +0 hand axe (weapon)
Armour
 b - a +0 animal skin (worn)
Jewellery
 h - a +2 amulet of reflection (around neck)
Scrolls
 a - a scroll of identify {unknown}
 d - a scroll of teleportation {unknown}
 e - a scroll of immolation {unknown}
 i - 2 scrolls of remove curse {unknown}
Comestibles
 c - a bread ration
 g - 2 chunks of flesh


   Skills:
 + Level 3.7 Fighting
 * Level 6.4 Axes
 - Level 2.4 Armour
 - Level 2.1 Dodging


You had 3 spell levels left.
You didn't know any spells.

Dungeon Overview and Level Annotations

Branches:
Dungeon (3/15)

Altars:
Kikubaaqudgha

Annotations:
D:3 Terence


Innate Abilities, Weirdness & Mutations

You reflexively headbutt those who attack you in melee.
You have a pair of horns on your head.


Message History

You hit the adder.
You kill the adder!
Trog accepts your kill.
Unknown command.
Found a stone staircase leading up.
Terence the Incautious comes into view.
He is wielding a hand axe.
Terence shouts!
Found a scroll labeled UTIHUZ HAGGESU.
Found an ancient bone altar of Kikubaaqudgha.
There is an escape hatch in the floor here.
You feel less exhausted. Terence hits you with a hand axe!
* * * LOW HITPOINT WARNING * * *
Found a stone staircase leading down.
You see here a scroll labeled UTIHUZ HAGGESU.
a - a scroll labeled UTIHUZ HAGGESU Terence barely misses you.
You furiously retaliate!
You headbutt Terence, but do no damage. Terence hits you with a hand axe.
You die...

..#. #.#.# ...#
#..# ### #..#
.... #.##
.....##..######
.........@...>#
....##.@...#.# .
#..........
#.####...... #.#
#.###..
#########.# .....
.
..........##.....
#####........_...
........>..#....


You could see Terence.

Vanquished Creatures
  A hound (D:3)
  Natasha (D:2)
  4 adders
  A bat (D:2)
  2 goblins
  2 hobgoblins (D:1)
  2 jackals (D:2)
  2 frilled lizards
  A kobold (D:3)
  2 rats
18 creatures vanquished.

Notes
Turn   | Place    | Note
-------+----------+-------------------------------------------
     0 | D:1      | Charly the Minotaur Berserker began the quest for the Orb.
     0 | D:1      | Reached XP level 1. HP: 19/19 MP: 0/0
    47 | D:1      | Reached skill level 4 in Axes
    72 | D:2      | Noticed Natasha
    74 | D:2      | Reached XP level 2. HP: 26/26 MP: 1/1
    79 | D:2      | Killed Natasha
    79 | D:2      | Reached skill level 5 in Axes
    79 | D:2      | Reached XP level 3. HP: 27/31 MP: 2/2
   205 | D:3      | Reached skill level 6 in Axes
   205 | D:3      | Reached XP level 4. HP: 19/39 MP: 3/3
   242 | D:3      | HP: 1/39 [adder (3)]
   253 | D:3      | Noticed Terence
   254 | D:3      | Found an ancient bone altar of Kikubaaqudgha.
   264 | D:3      | Slain by Terence

Skill      XL: |  1  2  3 |
---------------+----------+-----
Axes           | 4 5 6 |  6.4
Fighting       | |  3.7
Armour         | |  2.4
Dodging        | |  2.1

Action                   |  1- 3 |  4- 6 || total
-------------------------+-------+-------++-------
Melee: Hand axe          |    26 |     8 ||    34
       Headbutt          |     2 |       ||     2
Invok: Berserk           |     2 |       ||     2
  Use: Potion            |       |     2 ||     2
Armor: Animal skin       |     9 |       ||     9
Dodge: Dodged            |    15 |    12 ||    27
